Map: [ESL] Cosmic Sapphire

Players

Rex

  • Race: Zerg Zerg
  • League: Master
  • Spawn Location: 5:00

Classic - Winner!

  • Race: Protoss Protoss
  • Spawn Location: 11:00

Event: TSL 9

VOD

Have the link to the VOD?

Description

Time

  • Played on: Aug. 6, 2022, 9:25 a.m.
  • Length: 12:31

All games in this series

Show
View Real Time Build Order
Export as new Build Order

Rex Zerg 

Build Orders: Hatch First 

Get SALT Encoding   

  12  0:00  Drone  
  13  0:12  Overlord  
  13  0:16  Drone  
  14  0:31  Drone x2  
  16  0:48  Hatchery  
  15  0:51  Drone  
  15  0:54  Drone  
  17  0:59  Drone  
  18  1:08  Extractor  
  17  1:14  Spawning Pool  
  17  1:16  Drone  
  17  1:20  Drone  
  18  1:28  Drone  
  19  1:38  Drone  
  20  1:50  Overlord  
  20  2:00  Queen  
  20  2:01  Zergling x2, Queen  
  22  2:02  Zergling x2  
  26  2:12  Metabolic Boost  
  26  2:13  Drone  
  26  2:14  Drone  
  28  2:22  Drone x2  
  30  2:38  Hatchery  
  30  2:39  Drone  
  30  2:40  Drone  
  31  2:47  Queen  
  33  2:52  Overlord  
  33  2:55  Drone  
  33  2:56  Drone  
  35  2:58  Drone  
  36  3:06  Overlord  
  36  3:10  Queen  
  36  3:12  Drone  
  39  3:13  Drone  
  39  3:15  Drone  
  39  3:18  Drone  
  42  3:23  Queen  
  42  3:25  Drone  
  42  3:26  Drone  
  46  3:29  Drone  
  46  3:32  Spore Crawler  
  46  3:33  Drone  
  47  3:43  Drone x4  
  47  3:45  Drone  
  52  3:49  Queen  
  54  3:56  Drone x3  
  54  3:57  Evolution Chamber  
  54  3:58  Drone x2  
  58  4:07  Overlord  
  58  4:10  Overlord  
  58  4:14  Spore Crawler  
  58  4:16  Overlord  
  57  4:21  Queen  
  57  4:22  Spore Crawler, Drone  
  57  4:24  Extractor  
  57  4:25  Drone x3  
  57  4:27  Drone  
  57  4:29  Drone  
  62  4:31  Drone x2  
  62  4:34  Zerg Melee Weapons Level 1  
  64  4:39  Drone x4  
  64  4:43  Drone x2  
  70  4:46  Overlord  
  70  4:48  Overlord  
  69  4:54  Drone, Roach Warren  
  69  4:58  Drone x2  
  69  4:59  Extractor x2  
  69  5:02  Lair  
  69  5:04  Drone x2  
  69  5:06  Drone x2  
  73  5:07  Drone  
  73  5:09  Extractor  
  73  5:10  Drone  
  73  5:11  Drone, Extractor  
  73  5:12  Drone  
  75  5:14  Drone x2  
  75  5:16  Drone x2  
  75  5:21  Overlord  
  79  5:22  Overlord  
  79  5:28  Zergling x2  
  79  5:29  Zergling x4  
  79  5:35  Zergling x6, Hatchery  
  84  5:41  Drone x5  
  89  5:47  Drone  
  89  5:48  Drone x4  
  95  5:50  Drone  
  95  5:51  Extractor  
  94  5:57  Overlord  
  94  6:04  Hatchery  
  93  6:07  Drone x4  
  96  6:21  Drone x2  
  96  6:22  Hydralisk Den  
  96  6:23  Baneling Nest, Drone x4  
  96  6:26  Overseer  
  96  6:28  Drone x4  
  96  6:30  Zerg Melee Weapons Level 2, Spire  
  98  6:38  Zergling x10  
  103  6:45  Hatchery  
  102  6:51  Zergling x12  
  102  6:53  Muscular Augments  
  108  6:59  Extractor  
  108  7:00  Extractor  
  106  7:01  Hydralisk  
  106  7:02  Hydralisk x2  
  106  7:06  Centrifugal Hooks  
  112  7:11  Overseer  
  112  7:14  Hydralisk x5  
  122  7:25  Hydralisk x3  
  128  7:35  Overlord  
  128  7:37  Overlord x4  
  128  7:38  Overlord  
  128  7:39  Overlord x2  
  128  7:42  Baneling x4  
  128  7:43  Baneling  
  127  7:58  Mutalisk  
  127  7:59  Mutalisk x7  
  127  8:05  Grooved Spines, Zerg Flyer Weapons Level 1  
  143  8:15  Drone x3  
  143  8:16  Drone x4, Overlord x9  
  150  8:21  Zergling x4  
  150  8:22  Zergling x2  
  150  8:24  Extractor  
  150  8:26  Extractor  
  151  8:30  Drone x7  
  157  8:46  Baneling x11, Zerg Missile Weapons Level 1  
  157  8:47  Baneling x3  
  157  8:53  Zergling x20  
  157  8:54  Hydralisk x4  
  168  9:18  Zergling x44  
  186  9:24  Hydralisk  
  186  9:25  Drone  
  186  9:27  Baneling x17  
  186  9:28  Baneling x9  
  189  9:35  Zergling x10  
  194  9:40  Baneling x13  
  194  9:43  Zergling x10  
  199  9:52  Zergling x2  
  199  9:59  Zergling x6  
  134  10:14  Hydralisk x3  
  134  10:15  Zergling x34  
  134  10:18  Hydralisk x3, Infestation Pit  
  145  10:21  Baneling x5  
  145  10:22  Baneling x5  
  145  10:23  Hydralisk  
  147  10:28  Hydralisk x4  
  147  10:35  Hydralisk x4  
  155  10:39  Hatchery  
  155  10:41  Hydralisk  
  155  10:42  Zergling x2, Baneling x8, Hydralisk x4  
  173  10:43  Zergling x2  
  173  10:47  Hydralisk x2  
  176  11:05  Zergling x22  
  184  11:12  Zergling x2, Hydralisk  
  184  11:13  Zergling x12  
  184  11:16  Hydralisk x2  
  197  11:22  Zergling x6  
  186  11:26  Baneling x3  
  186  11:31  Zergling x14  
  166  11:33  Baneling x5  
  166  11:34  Baneling x5  
  155  11:43  Zergling x4, Drone  
  155  11:47  Hydralisk x4  
  128  11:49  Hydralisk x4  
  128  11:52  Hydralisk  
  120  11:58  Hydralisk x3  
  120  12:00  Zergling x2  
  116  12:03  Hydralisk  
  116  12:06  Zergling x8  
Show
View Real Time Build Order
Export as new Build Order

Classic Protoss - Winner!

Build Orders: 1 Gate Expand, Oracle Opening, Archon Immortal, Archon Drop 

Get SALT Encoding   

  12  0:00  Probe  
  13  0:12  Probe  
  14  0:18  Pylon  
  14  0:24  Probe  
  15  0:36  Probe (Chrono Boost)  
  15  0:38  Gateway  
  16  0:46  Probe (Chrono Boost), Assimilator  
  17  0:51  Probe (Chrono Boost)  
  18  1:03  Probe  
  19  1:15  Probe  
  20  1:24  Nexus  
  20  1:27  Probe  
  21  1:36  Cybernetics Core  
  21  1:39  Probe  
  22  1:44  Assimilator  
  22  1:51  Pylon  
  22  1:55  Probe  
  23  2:09  Probe  
  23  2:10  Adept (Chrono Boost)  
  26  2:15  Stargate  
  26  2:21  Probe  
  27  2:25  Warp Gate  
  27  2:33  Adept  
  27  2:34  Probe (Chrono Boost)  
  27  2:36  Probe (Chrono Boost)  
  32  2:45  Probe x2 (Chrono Boost)  
  32  2:49  Probe (Chrono Boost)  
  32  2:50  Probe (Chrono Boost)  
  35  2:58  Oracle (Chrono Boost)  
  35  3:00  Probe  
  35  3:02  Probe  
  40  3:06  Pylon  
  40  3:12  Probe  
  41  3:14  Probe  
  41  3:18  Gateway  
  42  3:25  Probe  
  42  3:26  Oracle (Chrono Boost)  
  42  3:27  Probe  
  47  3:37  Probe  
  47  3:39  Probe  
  49  3:42  Nexus  
  49  3:45  Pylon  
  49  3:49  Probe  
  49  3:51  Probe  
  49  3:54  Assimilator  
  51  3:57  Assimilator  
  51  4:01  Probe  
  52  4:03  Probe  
  52  4:09  Twilight Council, Forge  
  53  4:14  Probe  
  53  4:15  Probe  
  55  4:17  Robotics Facility  
  55  4:30  Probe  
  55  4:31  Probe  
  57  4:34  Pylon  
  57  4:39  Gateway  
  57  4:40  Gateway  
  57  4:41  Protoss Ground Weapons Level 1  
  57  4:45  Charge  
  57  4:47  Probe x2 (Chrono Boost)  
  57  4:48  Templar Archives  
  59  4:53  Pylon  
  59  4:54  Probe (Chrono Boost)  
  59  4:59  Probe (Chrono Boost)  
  61  5:02  Probe (Chrono Boost)  
  61  5:03  Zealot  
  61  5:04  Zealot  
  61  5:05  Probe (Chrono Boost)  
  61  5:07  Probe x2 (Chrono Boost)  
  68  5:10  Probe (Chrono Boost)  
  68  5:11  Warp Prism (Chrono Boost)  
  72  5:15  Probe  
  72  5:17  Probe  
  72  5:21  Probe  
  75  5:25  Gateway  
  75  5:27  Gateway  
  75  5:30  Gateway  
  75  5:34  Gateway  
  75  5:38  Probe x2  
  75  5:39  Probe  
  75  5:40  High Templar x2  
  75  5:41  High Templar  
  84  5:44  High Templar  
  84  5:45  Archon  
  84  5:48  Archon  
  86  5:51  Pylon  
  86  5:53  Shield Battery, Assimilator  
  86  5:54  Pylon  
  86  5:56  Observer  
  87  5:57  Assimilator  
  87  5:59  Probe x3  
  90  6:13  Robotics Facility  
  90  6:14  Immortal (Chrono Boost)  
  92  6:25  Nexus  
  88  6:26  Pylon  
  88  6:28  Probe x3  
  91  6:37  Psionic Storm  
  91  6:41  Probe x3  
  91  6:44  Immortal (Chrono Boost), Photon Cannon  
  91  6:46  Pylon  
  98  6:53  Probe x3  
  101  6:56  Pylon  
  101  7:01  Shield Battery  
  101  7:02  Pylon  
  101  7:06  Immortal (Chrono Boost)  
  105  7:14  Shield Battery, Immortal (Chrono Boost), Probe x2  
  105  7:15  Probe  
  108  7:16  Protoss Ground Weapons Level 2  
  108  7:17  High Templar x2  
  108  7:18  Zealot x3  
  122  7:31  Photon Cannon  
  122  7:33  Probe x3, Pylon  
  122  7:35  Assimilator  
  125  7:37  Photon Cannon  
  125  7:39  High Templar x2  
  125  7:40  Assimilator  
  129  7:44  Photon Cannon  
  129  7:45  Probe x4  
  129  7:46  Pylon  
  129  7:49  Immortal (Chrono Boost)  
  137  7:55  Immortal (Chrono Boost)  
  137  7:57  Probe  
  142  8:06  Pylon  
  142  8:07  Pylon  
  142  8:08  Gateway  
  142  8:09  Gateway  
  142  8:11  High Templar x2  
  143  8:16  Photon Cannon, Pylon  
  143  8:26  Immortal (Chrono Boost)  
  147  8:30  Immortal (Chrono Boost)  
  147  8:31  Photon Cannon  
  151  8:35  Photon Cannon  
  151  8:36  High Templar x2  
  151  8:37  Shield Battery  
  151  8:39  Photon Cannon  
  155  8:42  Photon Cannon  
  155  8:44  Shield Battery  
  155  8:56  Nexus  
  155  8:57  Pylon  
  155  9:02  Stalker x6  
  160  9:07  Phoenix (Chrono Boost)  
  157  9:16  Archon  
  137  9:17  Probe x4  
  137  9:22  Phoenix (Chrono Boost)  
  142  9:27  Stalker x2  
  142  9:30  Probe x3  
  149  9:37  Photon Cannon  
  149  9:39  Probe  
  149  9:42  Probe  
  151  9:47  Probe x2  
  151  9:51  Probe  
  154  9:54  Probe  
  154  9:55  High Templar x4  
  154  9:56  High Templar x2  
  154  9:57  Zealot  
  154  9:59  Archon  
  167  10:00  Archon x2  
  167  10:02  Zealot  
  159  10:17  Warp Prism (Chrono Boost)  
  159  10:18  Immortal (Chrono Boost)  
  165  10:24  Probe x4  
  169  10:42  Probe x5  
  174  10:43  High Templar x2  
  174  10:44  Zealot x3, High Templar x2  
  174  10:48  Archon x2  
  188  10:50  Zealot  
  185  11:12  Zealot x3  
  185  11:13  Zealot  
  185  11:16  Zealot x4  
  182  11:32  Pylon  
  170  11:41  Pylon  
  170  11:43  Pylon  
  170  11:46  Pylon  
  146  11:57  Zealot x7  
  146  11:58  Zealot  
Tags
 
Add a new tag
Caveats
  • Supply blocks, unpowered buildings, or Contaminate may cause inaccurate times.
  • Supply counts are checked every 10 seconds.